BLB
HARTFORD WHALERS @ WILMINGTON WILDCATS
05/06/2060
 
TOP OF THE 1ST
Hartford Whalers batting - Pitching for Wilmington Wildcats : LHP Chase Mellas
Pitching: LHP Chase Mellas
Batting: RHB Zyaire Semijenov 0-0: Ball
1-0: Ball
2-0: Ball
3-0: Called Strike
3-1: Foul Ball, location: 2F
3-2: Base on Balls
Batting: RHB Tyrone Smith 0-0: Ball
1-0: Foul Ball, location: 2F
1-1: Swinging Strike
1-2: Strikes out swinging
Batting: RHB Wyatt McKenney 0-0: Ball
1-0: SINGLE (Groundball, 56D, EV 101.2 MPH)
Zyaire Semijenov to second
Batting: LHB Amric Robinson 0-0: Ball
1-0: Ball
2-0: Ball
3-0: Called Strike
3-1: Base on Balls
Zyaire Semijenov to third
Wyatt McKenney to second
Batting: LHB Ian Schreiber 0-0: Fielders Choice at 2nd, 3-6 (Groundball, 3, EV 87.5 MPH)
Zyaire Semijenov scores
Wyatt McKenney to third
Batting: RHB Abel Kazaz 0-0: Foul Ball, location: 2F
0-1: Foul Ball, location: 2F
0-2: DOUBLE (Groundball, 5L, EV 104.4 MPH)
Wyatt McKenney scores
Ian Schreiber to third
Batting: RHB Reilly Wren 0-0: SINGLE (Groundball, 4M, EV 109.4 MPH) (infield hit)
Ian Schreiber scores
Abel Kazaz to third
Batting: LHB Houston Yap 0-0: Ball
1-0: Swinging Strike
1-1: Ball
2-1: Ball
3-1: Base on Balls
Reilly Wren to second
Batting: SHB JaQawn Schiegl 0-0: DOUBLE (Line Drive, 89XD, EV 98.1 MPH)
Abel Kazaz scores
Reilly Wren scores
Houston Yap to third
Runner from 3rd tries for Home, SAFE, throw by RF to trailing runner, SAFE at third!
Pitching: RHP Cole Good
Batting: RHB Zyaire Semijenov 0-0: Swinging Strike
0-1: Ball
1-1: Called Strike
1-2: Ball
2-2: Ball
3-2: Foul Ball, location: 2F
3-2: Strikes out swinging
Top of the 1st over - 6 runs, 4 hits, 0 errors, 1 left on base; Hartford 6 - Wilmington 0
BOTTOM OF THE 1ST
Wilmington Wildcats batting - Pitching for Hartford Whalers : RHP Rich Mount
Pitching: RHP Rich Mount
Batting: LHB Dorsey Cahue 0-0: Ball
1-0: Foul Ball, location: 2F
1-1: Swinging Strike
1-2: Ball
2-2: Ball
3-2: Fly out, F8 (Flyball, 8LD, EV 95.6 MPH)
Batting: LHB Jayden Marotta 0-0: Ball
1-0: Foul Ball, location: 2F
1-1: SINGLE (Groundball, 3S, EV 97.5 MPH)
Batting: LHB Greg Selser 0-0: Ball
1-0: Ball
2-0: Swinging Strike
2-1: Foul Ball, location: 2F
2-2: Grounds into double play, 4-6-3 (Groundball, 4, EV 83.8 MPH)
Bottom of the 1st over - 0 runs, 1 hit, 0 errors, 0 left on base; Hartford 6 - Wilmington 0
TOP OF THE 2ND
Hartford Whalers batting - Pitching for Wilmington Wildcats : RHP Cole Good
Batting: RHB Tyrone Smith 0-0: Called Strike
0-1: Called Strike
0-2: Foul Ball, location: 2F
0-2: Strikes out swinging
Batting: RHB Wyatt McKenney 0-0: Called Strike
0-1: Ball
1-1: Called Strike
1-2: Ball
2-2: Ball
3-2: Foul Ball, location: 2F
3-2: Foul Ball, location: 2F
3-2: Ground out 5-3 (Groundball, 56S, EV 74.4 MPH)
Batting: LHB Amric Robinson 0-0: Called Strike
0-1: Foul Ball, location: 2F
0-2: Ball
1-2: Foul Ball, location: 2F
1-2: Strikes out swinging
Top of the 2nd over - 0 runs, 0 hits, 0 errors, 0 left on base; Hartford 6 - Wilmington 0
BOTTOM OF THE 2ND
Wilmington Wildcats batting - Pitching for Hartford Whalers : RHP Rich Mount
Batting: LHB Sean Gallina 0-0: Called Strike
0-1: Foul Ball, location: 2F
0-2: Ball
1-2: Strikes out looking
Batting: LHB James Munsie 0-0: Ball
1-0: SINGLE (Groundball, 6MD, EV 96.2 MPH)
Batting: RHB Julian Crews 0-0: Hit by Pitch
James Munsie to second
Batting: RHB Jeremy Dillingham 0-0: Ball
1-0: Ball
2-0: Foul Ball, location: 2F
2-1: SINGLE (Groundball, 56D, EV 95.0 MPH)
James Munsie to third
Julian Crews to second
Batting: RHB Lucas Shultz 0-0: Called Strike
0-1: Ball
1-1: Ball
2-1: Fly out, F7 (Flyball, 7, EV 78.8 MPH)
Batting: RHB Barrington Purbacaraka 0-0: Ball
1-0: Foul Ball, location: 2F
1-1: Swinging Strike
1-2: Ball
2-2: Foul Ball, location: 2F
2-2: Ball
3-2: Strikes out looking
Bottom of the 2nd over - 0 runs, 2 hits, 0 errors, 3 left on base; Hartford 6 - Wilmington 0
TOP OF THE 3RD
Hartford Whalers batting - Pitching for Wilmington Wildcats : RHP Cole Good
Batting: LHB Ian Schreiber 0-0: Ball
1-0: Called Strike
1-1: Ball
2-1: Swinging Strike
2-2: Foul Ball, location: 2F
2-2: Strikes out looking
Batting: RHB Abel Kazaz 0-0: Ball
1-0: Ball
2-0: Called Strike
2-1: Swinging Strike
2-2: Foul Ball, location: 2F
2-2: Foul Ball, location: 2F
2-2: Ball
3-2: SINGLE (Line Drive, 34D, EV 93.8 MPH)
Batting: RHB Reilly Wren 0-0: Called Strike
0-1: Ball
1-1: Ball
2-1: Ball
3-1: Called Strike
3-2: Fly out, F9 (Line Drive, 9S, EV 92.5 MPH)
Batting: LHB Houston Yap 0-0: Ball
Abel Kazaz steals 2nd base (no throw)
1-0: Called Strike
1-1: Foul Ball, location: 2F
1-2: Strikes out looking
Top of the 3rd over - 0 runs, 1 hit, 0 errors, 1 left on base; Hartford 6 - Wilmington 0
BOTTOM OF THE 3RD
Wilmington Wildcats batting - Pitching for Hartford Whalers : RHP Rich Mount
Batting: LHB Dorsey Cahue 0-0: Ball
1-0: Foul Ball, location: 2F
1-1: Ball
2-1: Ball
3-1: Base on Balls
Batting: LHB Jayden Marotta 0-0: Ball
1-0: Called Strike
1-1: Ball
2-1: Ball
3-1: Foul Ball, location: 2F
3-2: Fielders Choice at 2nd, 2-6 (Groundball, 13S, EV 68.1 MPH)
Batting: LHB Greg Selser 0-0: Foul Ball, location: 2F
0-1: Ball
1-1: Ball
2-1: Called Strike
2-2: Strikes out swinging
Batting: LHB Sean Gallina 0-0: Called Strike
0-1: Ball
1-1: Foul Ball, location: 2F
1-2: Ground out 1-3 (Groundball, 34S, EV 68.1 MPH)
Bottom of the 3rd over - 0 runs, 0 hits, 0 errors, 1 left on base; Hartford 6 - Wilmington 0
TOP OF THE 4TH
Hartford Whalers batting - Pitching for Wilmington Wildcats : RHP Cole Good
Batting: SHB JaQawn Schiegl 0-0: Called Strike
0-1: Ball
1-1: Foul Ball, location: 2F
1-2: Ball
2-2: Strikes out swinging
Batting: RHB Zyaire Semijenov 0-0: Ball
1-0: Called Strike
1-1: Swinging Strike
1-2: Ground out 6-3 (Groundball, 6MS, EV 83.1 MPH)
Batting: RHB Tyrone Smith 0-0: Called Strike
0-1: Ball
1-1: Called Strike
1-2: Fly out, F8 (Flyball, 78D, EV 88.8 MPH)
Top of the 4th over - 0 runs, 0 hits, 0 errors, 0 left on base; Hartford 6 - Wilmington 0
BOTTOM OF THE 4TH
Wilmington Wildcats batting - Pitching for Hartford Whalers : RHP Rich Mount
Batting: LHB James Munsie 0-0: Ball
1-0: Called Strike
1-1: Hit by Pitch
Batting: RHB Julian Crews 0-0: Ball
1-0: Swinging Strike
1-1: Ball
Passed Ball!
James Munsie to second
2-1: Fly out, F4 (Flyball, 34D, EV 86.9 MPH)
Batting: RHB Jeremy Dillingham 0-0: Called Strike
0-1: Fly out, F8 (Flyball, 8LM, EV 93.8 MPH)
Batting: RHB Lucas Shultz 0-0: Foul Ball, location: 2F
0-1: Ball
1-1: Ball
2-1: DOUBLE (Line Drive, 3D, EV 108.1 MPH)
James Munsie scores
Batting: RHB Barrington Purbacaraka 0-0: DOUBLE (Line Drive, 89D, EV 110.0 MPH)
Lucas Shultz scores
Batting: LHB Dorsey Cahue 0-0: Called Strike
0-1: Ball
1-1: Foul Ball, location: 2F
1-2: Strikes out swinging
Bottom of the 4th over - 2 runs, 2 hits, 0 errors, 1 left on base; Hartford 6 - Wilmington 2
TOP OF THE 5TH
Hartford Whalers batting - Pitching for Wilmington Wildcats : RHP Cole Good
Batting: RHB Wyatt McKenney 0-0: Foul Ball, location: 2F
0-1: Ball
1-1: Fly out, F8 (Flyball, 8RD, EV 93.1 MPH)
Batting: LHB Amric Robinson 0-0: Called Strike
0-1: Swinging Strike
0-2: Ground out 4-3 (Groundball, 34D, EV 80.0 MPH)
Batting: LHB Ian Schreiber 0-0: Swinging Strike
0-1: Ball
1-1: Ball
2-1: Fly out, F6 (Popup, 6S, EV 65.0 MPH)
Top of the 5th over - 0 runs, 0 hits, 0 errors, 0 left on base; Hartford 6 - Wilmington 2
BOTTOM OF THE 5TH
Wilmington Wildcats batting - Pitching for Hartford Whalers : RHP Rich Mount
Batting: LHB Jayden Marotta 0-0: Ball
1-0: Called Strike
1-1: Ground out 4-3 (Groundball, 4M, EV 84.4 MPH)
Batting: LHB Greg Selser 0-0: Ball
1-0: Ball
2-0: Fly out, F9 (Line Drive, 89M, EV 109.4 MPH)
Batting: LHB Sean Gallina 0-0: Ball
1-0: Ball
2-0: Ball
3-0: Called Strike
3-1: Foul Ball, location: 2F
3-2: Base on Balls
Batting: LHB James Munsie 0-0: Called Strike
0-1: Foul Ball, location: 2F
0-2: Ball
1-2: Ball
2-2: Foul Ball, location: 2F
2-2: Ground out 4-3 (Groundball, 34S, EV 84.4 MPH)
Bottom of the 5th over - 0 runs, 0 hits, 0 errors, 1 left on base; Hartford 6 - Wilmington 2
TOP OF THE 6TH
Hartford Whalers batting - Pitching for Wilmington Wildcats : RHP Cole Good
Pitching: LHP Luke Chantry
Batting: RHB Abel Kazaz 0-0: Ball
1-0: Ground out 5-3 (Groundball, 56S, EV 72.5 MPH)
Batting: RHB Reilly Wren 0-0: Ball
1-0: Fly out, F8 (Flyball, 8LS, EV 83.8 MPH)
Batting: LHB Houston Yap 0-0: Ball
1-0: Foul Ball, location: 2F
1-1: Ground out U3 (Groundball, 34, EV 86.9 MPH)
Top of the 6th over - 0 runs, 0 hits, 0 errors, 0 left on base; Hartford 6 - Wilmington 2
BOTTOM OF THE 6TH
Wilmington Wildcats batting - Pitching for Hartford Whalers : RHP Rich Mount
Batting: RHB Julian Crews 0-0: Called Strike
0-1: Called Strike
0-2: SINGLE (Line Drive, 89S, EV 113.8 MPH)
Batting: RHB Jeremy Dillingham 0-0: Ball
1-0: SINGLE (Flyball, 56D, EV 90.6 MPH)
Julian Crews to second
Batting: RHB Lucas Shultz 0-0: Grounds into double play, U5-3 (Groundball, 5L, EV 101.9 MPH)
Jeremy Dillingham to second
Batting: RHB Barrington Purbacaraka 0-0: TRIPLE (Flyball, 78XD, EV 96.9 MPH)
Jeremy Dillingham scores
Pitching: RHP Miles Valdez
Batting: LHB Dorsey Cahue 0-0: Foul Ball, location: 2F
0-1: Ball
1-1: Ball
2-1: Called Strike
2-2: Strikes out looking
Bottom of the 6th over - 1 run, 3 hits, 0 errors, 1 left on base; Hartford 6 - Wilmington 3
TOP OF THE 7TH
Hartford Whalers batting - Pitching for Wilmington Wildcats : LHP Luke Chantry
Batting: SHB JaQawn Schiegl 0-0: Called Strike
0-1: Ball
1-1: Called Strike
1-2: Ball
2-2: Fly out, F8 (Flyball, 8LS, EV 97.5 MPH)
Batting: RHB Zyaire Semijenov 0-0: Fly out, F7 (Flyball, 7, EV 95.0 MPH)
Batting: RHB Tyrone Smith 0-0: Ball
1-0: Called Strike
1-1: Called Strike
1-2: Ball
2-2: Ball
3-2: Base on Balls
Batting: RHB Wyatt McKenney 0-0: Called Strike
0-1: Foul Ball, location: 2F
0-2: Ball
Pickoff Throw to First - Error! E1
Tyrone Smith to second
1-2: Foul Ball, location: 2F
1-2: Strikes out swinging
Top of the 7th over - 0 runs, 0 hits, 1 error, 1 left on base; Hartford 6 - Wilmington 3
BOTTOM OF THE 7TH
Wilmington Wildcats batting - Pitching for Hartford Whalers : RHP Miles Valdez
Batting: LHB Jayden Marotta 0-0: Swinging Strike
0-1: Ball
1-1: Ball
2-1: Foul Ball, location: 2F
2-2: Ball
3-2: Strikes out looking
Batting: LHB Greg Selser 0-0: Ball
1-0: Ball
2-0: SOLO HOME RUN (Flyball, 7LD, EV 95.0 MPH), Distance : 348 ft
Batting: LHB Sean Gallina 0-0: Swinging Strike
0-1: Ball
1-1: Swinging Strike
1-2: Strikes out swinging
Batting: LHB James Munsie 0-0: Ground out 4-3 (Groundball, 4, EV 88.1 MPH)
Bottom of the 7th over - 1 run, 1 hit, 0 errors, 0 left on base; Hartford 6 - Wilmington 4
TOP OF THE 8TH
Hartford Whalers batting - Pitching for Wilmington Wildcats : LHP Luke Chantry
Batting: LHB Amric Robinson 0-0: Ball
1-0: Called Strike
1-1: Called Strike
1-2: Foul Ball, location: 2F
1-2: Ground out 5-3 (Groundball, 56S, EV 76.9 MPH)
Batting: LHB Ian Schreiber 0-0: Called Strike
0-1: Foul Ball, location: 2F
0-2: Ball
1-2: Ball
2-2: Foul Ball, location: 2F
2-2: Foul Ball, location: 2F
2-2: Ball
3-2: Fly out, F8 (Flyball, 8RD, EV 96.2 MPH)
Batting: RHB Abel Kazaz 0-0: Called Strike
0-1: Foul Ball, location: 2F
0-2: Ball
1-2: Ball
2-2: Fly out, F6 (Line Drive, 6, EV 70.0 MPH)
Top of the 8th over - 0 runs, 0 hits, 0 errors, 0 left on base; Hartford 6 - Wilmington 4
BOTTOM OF THE 8TH
Wilmington Wildcats batting - Pitching for Hartford Whalers : RHP Miles Valdez
Batting: RHB Julian Crews 0-0: Ball
1-0: Foul Ball, location: 2F
1-1: Swinging Strike
1-2: Ball
2-2: Foul Ball, location: 2F
2-2: Ball
3-2: Base on Balls
Batting: RHB Jeremy Dillingham 0-0: Ball
1-0: Ball
2-0: Grounds into double play, 6-4-3 (Groundball, 6, EV 98.8 MPH)
Batting: RHB Lucas Shultz 0-0: TRIPLE (Groundball, 3L, EV 96.9 MPH)
Batting: RHB Barrington Purbacaraka 0-0: Ball
1-0: Called Strike
1-1: DOUBLE (Groundball, 5L, EV 108.8 MPH)
Lucas Shultz scores
Pitching: LHP Noel Fetter
Batting: LHB Dorsey Cahue 0-0: Ball
1-0: Ball
2-0: Ball
3-0: Base on Balls
Pinch Hitting: RHB Zachariah White 0-0: Called Strike
0-1: Called Strike
0-2: Ball
1-2: Foul Ball, location: 2F
1-2: Ball
2-2: Ball
3-2: Ground out 6-3 (Groundball, 6, EV 90.0 MPH)
Bottom of the 8th over - 1 run, 2 hits, 0 errors, 2 left on base; Hartford 6 - Wilmington 5
TOP OF THE 9TH
Hartford Whalers batting - Pitching for Wilmington Wildcats : LHP Luke Chantry
Pitching: RHP Ron Thomas
Now at 1B: Zachariah White
Batting: RHB Reilly Wren 0-0: Ball
1-0: Foul Ball, location: 2F
1-1: Ball
2-1: Ball
3-1: Called Strike
3-2: Ground out 4-3 (Groundball, 4, EV 83.8 MPH)
Batting: LHB Houston Yap 0-0: Foul Ball, location: 2F
0-1: Ball
1-1: Swinging Strike
1-2: Ball
2-2: Ball
3-2: Foul Ball, location: 2F
3-2: Base on Balls
Batting: SHB JaQawn Schiegl 0-0: Swinging Strike
0-1: Foul Ball, location: 2F
0-2: Strikes out swinging
Batting: RHB Zyaire Semijenov 0-0: Foul Ball, location: 2F
0-1: Called Strike
0-2: Ball
1-2: Strikes out looking
Top of the 9th over - 0 runs, 0 hits, 0 errors, 1 left on base; Hartford 6 - Wilmington 5
BOTTOM OF THE 9TH
Wilmington Wildcats batting - Pitching for Hartford Whalers : LHP Noel Fetter
Pitching: RHP Jamal Brown
Batting: LHB Greg Selser 0-0: Called Strike
0-1: Called Strike
0-2: Foul Ball, location: 2F
0-2: Foul Ball, location: 2F
0-2: Foul Ball, location: 2F
0-2: Ball
1-2: Foul Ball, location: 2F
1-2: Ball
2-2: SINGLE (Groundball, 4D, EV 103.1 MPH)
Batting: LHB Sean Gallina 0-0: Called Strike
0-1: Foul Ball, location: 2F
0-2: Ball
1-2: Foul Ball, location: 2F
1-2: Strikes out swinging
Batting: LHB James Munsie 0-0: Swinging Strike
0-1: Ball
1-1: Swinging Strike
1-2: Foul Ball, location: 2F
1-2: Foul Ball, location: 2F
1-2: SINGLE (Flyball, 89S, EV 88.8 MPH)
Greg Selser to second
Batting: RHB Julian Crews 0-0: Ball
1-0: Foul Ball, location: 2F
1-1: Ball
2-1: Foul Ball, location: 2F
2-2: Foul Ball, location: 2F
2-2: Ground out 5-3 (Groundball, 56S, EV 64.4 MPH)
Greg Selser to third
James Munsie to second
Batting: RHB Jeremy Dillingham 0-0: Intentional Walk
Pinch Hitting: RHB Julian Ludin 0-0: Ball
1-0: Foul Ball, location: 2F
1-1: Foul Ball, location: 2F
1-2: Fielders Choice at 2nd, 6-4 (Groundball, 6, EV 103.8 MPH)
Bottom of the 9th over - 0 runs, 2 hits, 0 errors, 3 left on base; Hartford 6 - Wilmington 5
Monday, April 29th , 2024 - OOTP Baseball 23.10 Build 110